 Dungeon Crawl Stone Soup version 0.28.0-45-g0d030f2227 (webtiles) character file.

Game seed: 17177304566661764792

562 seaoflcl the Covered (level 7, -2/54 HPs)
             Began as a Human Fighter on Apr 11, 2022.
             Killed from afar by an electric eel (8 damage)
             ... with a bolt of electricity
             ... on level 4 of the Dungeon.
             The game lasted 00:11:29 (4707 turns).

seaoflcl the Covered (Human Fighter)                Turns: 4707, Time: 00:11:30

Health: -2/54      AC:  9    Str: 18    XL:     7   Next: 57%
Magic:  7/7        EV:  7    Int: 14    God:
Gold:   159        SH:  5    Dex: 13    Spells: 6/6 levels left

rFire   . . .      SeeInvis .   a - +4 short sword
rCold   . . .      Faith    .   c - +0 buckler
rNeg    . . .      Spirit   .   t - +0 chain mail
rPois   .          Reflect  .   (no helmet)
rElec   .          Harm     .   (no cloak)
rCorr   .          Rampage  .   (no gloves)
Will    .....                   (no boots)
Stlth   ..........              (no amulet)
HPRegen 0.18/turn               g - +6 ring of intelligence
MPRegen 0.10/turn               (no ring)

@: no status effects
A: no striking features
a: no special abilities


You were on level 4 of the Dungeon.
You visited 1 branch of the dungeon, and saw 4 of its levels.

You collected 159 gold pieces.

Inventory:

Hand Weapons
 a - a +4 short sword (weapon)
 b - a +0 hunting sling
 f - a +0 dagger of freezing
 i - a +0 long sword
Missiles
 m - 50 sling bullets
Armour
 c - a +0 buckler (worn)
 t - a +0 chain mail (worn)
Magical Staves
 p - a staff of poison
Jewellery
 g - a +6 ring of intelligence (left hand)
Wands
 j - a wand of flame (49)
 r - a wand of iceblast (8) (quivered)
Scrolls
 h - a scroll of amnesia {unknown}
 k - 2 scrolls of enchant armour {unknown}
 l - a scroll of fog {unknown}
 q - a scroll of magic mapping {unknown}
 s - 2 scrolls of vulnerability {unknown}
 u - a scroll of noise {unknown}
Potions
 d - 2 potions of might
 e - a potion of heal wounds
 n - a potion of mutation {unknown}
 o - a potion of experience {unknown}


   Skills:
 + Level 4.0 Fighting
 + Level 3.4(4.1) Short Blades
 + Level 3.3(4.0) Long Blades
 + Level 1.1 Slings
 + Level 4.5 Armour
 + Level 2.0 Dodging
 + Level 0.2 Stealth
 + Level 4.0 Shields
 + Level 0.3 Evocations


You had 6 spell levels left.
You didn't know any spells.
Your spell library contained the following spells:

 Spells                   Type           Power      Damage    Failure   Level
 Summon Small Mammal      Summ           0%         N/A       99%         1
 Corpse Rot               Necr/Air       0%         N/A       100%        2
 Poisonous Vapours        Pois/Air       0%         N/A       100%        2
 Call Canine Familiar     Summ           0%         N/A       100%        3
 Confusing Touch          Hex            0%         N/A       100%        3
 Summon Guardian Golem    Hex/Summ       0%         N/A       100%        3
 Yara's Violent Unravell  Hex/Tmut       0%         3d3       100%        5
 Enfeeble                 Hex            0%         N/A       100%        7


Dungeon Overview and Level Annotations

Branches:
Dungeon (4/15)
 Temple: D:4-7

Altars:
Ashenzari

Annotations:
D:4 1 transporter


Message History

Found a transporter.
Found a scale mail.
There is a transporter landing site here.
u - a scroll labelled LURIOH KOGIZ
Found a wand of flame (18) and a scroll labelled REYRUP JUERIC.
Found a transporter.
Found 5 gold pieces.
There is a transporter here.
You now have 159 gold pieces (gained 5).
There is a transporter here.
You enter the transporter and appear at another place.
j - a wand of flame (49) (gained 18 charges)
k - 2 scrolls labelled REYRUP JUERIC (gained 1)
You open the door.
There is an open door here.
The electric eel shoots out a bolt of lightning at you!
The bolt of electricity hits you.
The electric eel shoots out a bolt of lightning at you!
The bolt of electricity misses you.
The electric eel shoots out a bolt of lightning at you!
The bolt of electricity hits you!
The electric eel shoots out a bolt of lightning at you!
The bolt of electricity hits you!
There is a fountain of sparkling water here.
The electric eel shoots out a bolt of lightning at you!
The bolt of electricity hits you!
The electric eel shoots out a bolt of lightning at you!
The bolt of electricity hits you.
The bolt of electricity hits the electric eel.
The electric eel completely resists.
The bolt of electricity hits the electric eel.
The electric eel completely resists.
The electric eel shoots out a bolt of lightning at you!
The bolt of electricity hits you!
* * * LOW HITPOINT WARNING * * *
The bolt of electricity hits you.
* * * LOW HITPOINT WARNING * * *
The electric eel shoots out a bolt of lightning at you!
The bolt of electricity hits you!
You die...

..############.#
...............#
################ ##
################### #.
#.................###.
#.###############.##..
##.#8P#S≈≈≈≈≈≈#P8#....#
##..#..#.......#..#.....
##..©#©.@...⌠...+$©#©..#.
####....#..#.......#?.#..##.
........#8P#≈S≈≈≈≈≈#P8#..##.
###.....###############..##.
#...............[.........
##...####..#.#.#.#####.###
#### #........#####.#
#..#.#.#.......#
.......##########


You could see 2 electric eels.

Vanquished Creatures
  A black bear (D:4)
  A wyvern zombie (D:4)
  A centaur skeleton (D:4)
  A hound (D:4)
  An iguana (D:2)
  Jessica (D:2)
  Natasha (twice) (D:2)
  Ijyb (D:3)
  2 orc wizards (D:3)
  A hound skeleton (D:4)
  5 adders
  A white imp (D:3)
  2 worms
  A dart slug (D:3)
  13 orcs
  8 ball pythons
  8 endoplasms
  2 giant cockroaches
  6 goblins
  11 hobgoblins
  5 jackals
  4 kobolds
  5 quokkas
  6 bats
  6 frilled lizards
  3 rats (D:2)
98 creatures vanquished.

Notes
Turn   | Place    | Note
-------+----------+-------------------------------------------
     0 | D:1      | seaoflcl the Human Fighter began the quest for the Orb.
     0 | D:1      | Reached XP level 1. HP: 18/18 MP: 1/1
   244 | D:1      | Reached XP level 2. HP: 22/24 MP: 2/2
   244 | D:1      | Found a faded altar of an unknown god.
   422 | D:1      | Reached XP level 3. HP: 19/29 MP: 3/3
  1046 | D:2      | Reached XP level 4. HP: 16/35 MP: 4/4
  1452 | D:2      | Noticed Jessica
  1458 | D:2      | Killed Jessica
  1459 | D:2      | Reached XP level 5. HP: 41/41 MP: 5/5
  1661 | D:2      | Reached skill level 1 in Short Blades
  1695 | D:2      | Noticed Natasha
  1705 | D:2      | Killed Natasha
  1706 | D:2      | Reached skill level 1 in Dodging
  2202 | D:2      | Noticed Natasha
  2212 | D:2      | Killed Natasha
  2213 | D:2      | Reached skill level 1 in Slings
  2326 | D:3      | Found a broken altar of Ashenzari.
  2386 | D:3      | Reached XP level 6. HP: 35/48 MP: 6/6
  3062 | D:3      | Noticed Ijyb
  3095 | D:3      | Killed Ijyb
  4096 | D:4      | Noticed a black bear
  4110 | D:4      | Killed a black bear
  4111 | D:4      | Reached XP level 7. HP: 32/53 MP: 7/7
  4633 | D:4      | Found a transporter.
  4669 | D:4      | Found a transporter.
  4707 | D:4      | Killed from afar by an electric eel

Illustrated notes

Levels and vault maps discovered:
D:1:      eino_arrival_druids_welcome, layout_basic,
          shapermc_ecumenical_altar_starsandcircs
D:2:      layout_basic, uniq_natasha, uniq_jessica
D:3:      layout_loops_corners, mainiacjoe_overflow_boulevard, uniq_ijyb
D:4:      gammafunk_steamed_eel, layout_loops_ring,
          mainiacjoe_overflow_concentric_impassable

Skill      XL: |  1  2  3  4  5  6  7 |
---------------+----------------------+-----
Long Blades    | 3 |  3.3
Short Blades   | 1 2 3 |  3.4
Dodging        | 1 2 |  2.0
Slings         | 1 |  1.1
Armour         | 4 |  4.5
Shields        | 4 |  4.0
Fighting       | 4 |  4.0
Stealth        | |  0.2
Evocations     | |  0.3

Action                   |  1- 3 |  4- 6 |  7- 9 || total
-------------------------+-------+-------+-------++-------
Melee: Long sword        |    84 |       |       ||    84
       Short sword       |    10 |   188 |    48 ||   246
 Fire: Hunting sling     |       |     3 |       ||     3
Evoke: Wand              |       |     4 |       ||     4
  Use: Potion            |       |     2 |       ||     2
Armor: Scale mail        |    69 |    44 |       ||   113
       Chain mail        |       |    26 |    19 ||    45
Dodge: Dodged            |    45 |    74 |     7 ||   126
Block: Buckler           |    27 |    41 |    13 ||    81
